 Dungeon Crawl Stone Soup version 0.23-b1-51-gfe822ef6ca (webtiles) character file.

Game seed: 9316128257086864381

470 Laan the Skirmisher (level 7, 0/44 HPs)
             Began as a Gargoyle Fighter on Feb 4, 2019.
             Slain by a worker ant (5 damage)
             ... on level 4 of the Dungeon.
             The game lasted 00:06:28 (3721 turns).

Laan the Skirmisher (Gargoyle Fighter)              Turns: 3721, Time: 00:06:28

Health: 0/44       AC: 13    Str: 22    XL:     7   Next: 9%
Magic:  7/7        EV:  7    Int:  8    God:
Gold:   144        SH:  9    Dex:  9    Spells: 6/6 levels left

rFire    . . .     SeeInvis .   m - -3 hand axe (curse)
rCold    . . .     Gourm    .   c - +0 shield
rNeg     + . .     Faith    .   b - +0 scale mail
rPois    ∞         Spirit   .   g - +0 helmet
rElec    +         Reflect  .   (no cloak)
rCorr    .         Harm     .   (no gloves)
MR       .....                  (no boots)
Stlth    ..........             (no amulet)
HPRegen  0.14/turn              n - ring of wizardry
MPRegen  0.10/turn              (no ring)

@: no status effects
A: negative energy resistance 1, electricity resistance, unbreathing,
petrification resistance, rot immunity, AC +4
a: no special abilities


You were on level 4 of the Dungeon.
You were near starving.

You visited 1 branch of the dungeon, and saw 4 of its levels.

You collected 144 gold pieces.

Inventory:

Hand Weapons
 a - a +1 war axe
 m - a cursed -3 hand axe (weapon)
 q - a +4 hand axe
Armour
 b - a +0 scale mail (worn)
 c - a +0 shield (worn)
 g - a +0 helmet (worn)
Jewellery
 n - a ring of wizardry (left hand)
Scrolls
 e - 2 scrolls of magic mapping
 j - 3 scrolls of teleportation
 k - 3 scrolls of identify
 l - a scroll of enchant weapon
Potions
 d - a potion of might
 h - a potion of mutation
 i - a potion of brilliance {unknown}
 o - a potion of degeneration {unknown}
 p - a potion of cancellation {unknown}
Comestibles
 f - 8 rations


   Skills:
 + Level 4.8 Fighting
 * Level 4.4 Axes
 + Level 4.8 Armour
 + Level 4.8 Shields


You had 6 spell levels left.
You didn't know any spells.
Your spell library was empty.

Dungeon Overview and Level Annotations

Branches:
Dungeon (4/15)
 Temple: D:4-7

Altars:
Zin


Innate Abilities, Weirdness & Mutations

You are resistant to torment.
Your stone body is resilient. (AC +4)
You are immune to poison.
You resist negative energy. (rN+)
You are resistant to electric shocks. (rElec)
You can survive without breathing.
You are immune to petrification.
You are immune to rotting.


Message History

You closely miss the necrophage.
The necrophage is lightly damaged.
You hit the iguana but do no damage. You block the necrophage's attack.
The iguana bites you. The necrophage hits you.
You feel terrible.
You hit the necrophage.
The necrophage is moderately damaged.
You hit the iguana but do no damage. The iguana bites you!
* * * LOW HITPOINT WARNING * * *
The necrophage hits you.
* * * LOW HITPOINT WARNING * * *
You feel terrible.
You closely miss the necrophage.
The necrophage is moderately damaged.
You hit the iguana.
You kill the iguana!
You block the necrophage's attack. You block the worker ant's attack.
You closely miss the necrophage.
The necrophage is moderately damaged.
You hit the worker ant. The worker ant bites you.
You die...

#######...# #.#####
#......##.##
#.#####
#.##.......#
#......
##.###.#........#
#######
#.....$...#........
#
##.###.#..#.....##.
# #.......#..# #
###..##.#..#
#..@a....#
#...n...##
#####.### ... ..#
..# .# .#


You could see a necrophage and a worker ant.

Vanquished Creatures
  A centaur (D:4)
  A scorpion (D:4)
  2 orc wizards
  Terence (D:2)
  An iguana (D:4)
  2 worker ants (D:4)
  Robin (D:2)
  3 adders
  2 oozes
  6 worms
  An adder skeleton (D:4)
  4 dart slugs
  A leopard gecko (D:1)
  13 orcs
  7 bats
  2 giant cockroaches (D:3)
  11 hobgoblins
  A quokka (D:3)
  A ball python (D:2)
  3 frilled lizards
  20 goblins
  13 kobolds
  4 rats
101 creatures vanquished.

Notes
Turn   | Place    | Note
-------+----------+-------------------------------------------
     0 | D:1      | Laan the Gargoyle Fighter began the quest for the Orb.
     0 | D:1      | Reached XP level 1. HP: 14/14 MP: 1/1
   147 | D:1      | Reached XP level 2. HP: 19/19 MP: 2/2
   452 | D:1      | Reached XP level 3. HP: 16/23 MP: 3/3
   884 | D:2      | Found a faded altar of an unknown god.
   920 | D:2      | Reached XP level 4. HP: 25/29 MP: 4/4
  1691 | D:3      | Noticed Robin
  1712 | D:2      | Killed Robin
  1816 | D:3      | Reached XP level 5. HP: 22/33 MP: 5/5
  2936 | D:2      | Noticed Terence
  2959 | D:2      | Killed Terence
  2959 | D:2      | Reached XP level 6. HP: 38/39 MP: 6/6
  2962 | D:2      | Found a glowing silver altar of Zin.
  3479 | D:4      | Reached XP level 7. HP: 22/44 MP: 7/7
  3721 | D:4      | Slain by a worker ant

Skill      XL: |  1  2  3  4  5  6 |
---------------+-------------------+-----
Axes           | 2 3 4 |  4.4
Fighting       | 4 |  4.8
Shields        | 4 |  4.8
Armour         | 4 |  4.8

Action                   |  1- 3 |  4- 6 |  7- 9 || total
-------------------------+-------+-------+-------++-------
Melee: War axe           |    53 |       |       ||    53
       Hand axe          |    79 |   517 |    27 ||   623
  Use: Scroll            |     5 |     1 |       ||     6
  Eat: Chunk             |       |     9 |       ||     9
Armor: Scale mail        |    65 |   282 |    11 ||   358
Dodge: Dodged            |    46 |   164 |     7 ||   217
Block: Shield            |    68 |   310 |    13 ||   391
